 Dungeon Sprint DCSS version 0.23-a0-169-gb21e695 (webtiles) character file.

25325 Kidiri the Warrior (level 12, -5/132 HPs)
             Began as a Minotaur Fighter on Sept 11, 2018.
             Was the Champion of Okawaru.
             Killed from afar by a hellephant (60 damage)
             ... with a blast of flame
             ... in the Dungeon (Sprint V: "Ziggurat Sprint").
             The game lasted 00:11:46 (1430 turns).

Kidiri the Warrior (Minotaur Fighter)               Turns: 1430, Time: 00:11:47

Health: -5/132     AC: 39    Str: 30    XL:     12   Next: 88%
Magic:  9/15       EV: 16    Int:  9    God:    Okawaru [******]
Gold:   0          SH: 35    Dex: 18    Spells: 11/11 levels left

rFire    . . .     SeeInvis .   O - +9 sword of Zonguldrok {reap}
rCold    . . .     Gourm    .   U - +18 shield of the Gong {rElec rN+ MR+ EV-5}
rNeg     + . .     Faith    .   T - +15 Maxwell's patent armour {-Cast -Tele rElec MR+ rCorr}
rPois    .         Spirit   .   b - +2 hat
rElec    +         Reflect  .   G - scarf {repulsion}
rCorr    +         Harm     .   (no gloves)
MR       ++...     NoTele   +   L - +1 pair of boots "Fyerph" {Int+4} Stlth ..........NoCast +
                                (no amulet)
HPRegen  0.32/turn              A - +6 ring of strength
MPRegen  0.14/turn              w - +6 ring of dexterity

@: heroism, weakened, studying Spellcasting, repel missiles
A: retaliatory headbutt, horns 2
a: Heroism, Finesse, Renounce Religion


You were in the Dungeon.
You worshipped Okawaru.
Okawaru was exalted by your worship.
You were not hungry.

You visited 1 branch

Inventory:

Hand Weapons
 F - the +7 Singing Sword
   (You found it in the Dungeon)
 K - the +11 plutonium sword {*Contam Stlth-}
   (You found it in the Dungeon)

   It causes magical contamination when unequipped.
   It makes you less stealthy.
 N - the +0 sword of Power
   (You found it in the Dungeon)
 O - the +9 sword of Zonguldrok (weapon) {reap}
   (You found it in the Dungeon)

   If a monster killed with it leaves a corpse in good enough shape, the corpse
   will be animated as a zombie friendly to the killer.
Missiles
 o - 2 throwing nets (quivered)
Armour
 b - a +2 hat (worn)
 G - a scarf of repulsion (worn)
 L - the +1 pair of boots "Fyerph" (worn) {Int+4}
   (Okawaru gifted it to you in the Dungeon)

   It affects your intelligence (+4).
 T - the +15 Maxwell's patent armour (worn) {-Cast -Tele rElec MR+ rCorr}
   (You found it in the Dungeon)

   It insulates you from electricity.
   It affects your resistance to hostile enchantments.
   It prevents spellcasting.
   It prevents most forms of teleportation.
   It provides partial protection from all sources of acid and corrosion.
 U - the +18 shield of the Gong (worn) {rElec rN+ MR+ EV-5}
   (You found it in the Dungeon)

   It affects your evasion (-5).
   It insulates you from electricity.
   It protects you from negative energy.
   It affects your resistance to hostile enchantments.
Jewellery
 c - a +4 ring of dexterity
 w - a +6 ring of dexterity (right hand)
 x - a +6 ring of dexterity
 y - a +6 ring of intelligence
 z - a +6 ring of intelligence
 A - a +6 ring of strength (left hand)
 B - a +6 ring of strength
 H - a +3 ring of intelligence
 I - a +3 ring of evasion
 J - a +3 ring of evasion
 P - the ring "Goitorgh" {Fire rPois Str+4}
   (You found it in the Dungeon)

   [ring of fire]

   It enhances your fire magic.
   It affects your strength (+4).
   It protects you from fire.
   It makes you vulnerable to cold.
   It protects you from poison.
Wands
 C - a wand of disintegration (7)
 D - a wand of iceblast (7)
 E - a wand of acid (7)
Scrolls
 k - 4 scrolls of blinking
 q - 4 scrolls of amnesia
 r - 7 scrolls of fog
 s - a scroll of holy word
 t - 5 scrolls of identify
 u - 5 scrolls of remove curse
 v - 2 scrolls of fear
Potions
 d - 6 potions of might
 e - 10 potions of curing
 g - 4 potions of heal wounds
 h - 6 potions of haste
 i - 7 potions of magic
 j - 2 potions of berserk rage
 l - 2 potions of brilliance
 m - 2 potions of invisibility
 n - 4 potions of resistance
 p - 5 potions of agility
Books
 a - a manual of Spellcasting
Comestibles
 f - 6 rations
 M - 6 chunks of flesh


   Skills:
 * Level 19.9(24.9) Fighting
 * Level 19.8(24.8) Long Blades
 + Level 15.2(20.2) Armour
 + Level 13.7(18.7) Dodging
 + Level 15.0(20.0) Shields
 + Level 5.6 Invocations
 + Level 5.0 Evocations


You had 11 spell levels left.
You didn't know any spells.
Your spell library was empty.

Dungeon Overview and Level Annotations

Branches:
Dungeon (1/1)

Altars:
Ashenzari
Cheibriados
Dithmenos
Elyvilon
Fedhas
Gozag
Hepliaklqana
Kikubaaqudgha
Makhleb
Nemelex Xobeh
Okawaru
Qazlal
Ru
Sif Muna
Trog
Uskayaw
Vehumet
Wu Jian
Xom
Yredelemnul
Zin
The Shining One
Beogh
Jiyva
Lugonu

Annotations:
D 1 transporter


Innate Abilities, Weirdness & Mutations

You reflexively headbutt those who attack you in melee.
You have a pair of horns on your head.


Message History

Your stone giant zombie hits the hellephant but does no damage.
You slice the insubstantial wisp!!
Your headbutt misses the insubstantial wisp.
The insubstantial wisp is almost destroyed.
The hellephant tramples your stone giant zombie!
Your stone giant zombie holds its ground!
The hellephant bites your stone giant zombie!
The hellephant gores your stone giant zombie!
Your deep elf elementalist zombie misses the insubstantial wisp.
The starcursed mass engulfs your orc knight zombie but does no damage.
The starcursed mass engulfs your deep elf elementalist zombie.
You miss the insubstantial wisp.
Your headbutt misses the insubstantial wisp.
The insubstantial wisp is almost destroyed.
The insubstantial wisp blinks!
Your stone giant zombie barely misses the hellephant.
The hellephant breathes flames at you.
The blast of flame hits your stone giant zombie.
The blast of flame hits you!
You die...

▓▓▓▓▓▓▓▓▓▓▓▓▓▓▓▓▓▓▓▓▓▓
▓....8©8....▓▓.8©8.▓.8
▓.."}.[|"|..▓▓..=).▓.[
▓..))[=)=:..▓▓.....▓..
▓....XX..v..▓▓.))..▓..
▓....Z.X....▓▓...).▓..
▓...§@ZZ....▓▓.....▓..
▓....Z......▓▓..©..▓..
▓..▓.Y...▓..▓▓▓▓▓▓▓▓▓▓
▓.▓.▓...▓.▓ ▓..8©8...▓
▓..▓.....▓..▓..|})...▓
▓.....©.....▓........▓
▓▓▓▓▓▓▓▓▓▓▓▓▓........▓
▓....8©8....▓........▓
▓..}|).}})..▓.▓..).▓.▓


You could see a hellephant, 3 starcursed masses, an insubstantial wisp, a
friendly orc warrior zombie, a friendly orc knight zombie, a friendly stone
giant zombie and a friendly deep elf elementalist zombie.

Vanquished Creatures
  An Executioner (D)
  A tentacled starspawn (D)
  A fire giant (D)
  A daeva (D)
  A deep elf elementalist (D)
  An angel (D)
  An ophan (D)
  A stone giant (D)
  An apis (D)
  3 hell hogs (D)
  An orc high priest (D)
  A wretched star (D)
  A cherub (D)
  A starcursed mass (D)
  3 draconians (D)
  3 orc knights (D)
  An orc sorcerer (D)
  A moth of wrath (D)
  2 cyclopes (D)
  A spiny frog (D)
  An orange demon (D)
  An efreet (D)
  A komodo dragon (D)
  A rime drake (D)
  3 merfolk (D)
  A hippogriff (D)
  A spriggan (D)
  A ynoxinul (D)
  A fire elemental (D)
  A steam dragon (D)
  A naga (D)
  A water moccasin (D)
  2 hell hounds (D)
  A porcupine (D)
  4 orc warriors (D)
  2 ice beasts (D)
  2 black bears (D)
  A phantom (D)
  A necrophage (D)
  3 small abominations (D)
  5 wolves (D)
  2 ogres (D)
  A centaur (D)
  A wight (D)
  A quasit (D)
  4 orc wizards (D)
  An iguana (D)
  3 adders (D)
  A river rat (D)
  4 shadow imps (D)
  3 white imps (D)
  4 ufetubi (D)
  An orc (D)
  2 bat zombies (D)
  A fire vortex (D)
  A lurking horror (D)
  A starspawn tentacle (D)
93 creatures vanquished.

Vanquished Creatures (collateral kills)
  A draconian (D)
  A hippogriff (D)
  A spriggan (D)
  A steam dragon (D)
  A phantom (D)
  An ice beast (D)
  A bullfrog (D)
  A starcursed mass (D)
  An iron imp (D)
  An iguana (D)
  A river rat (D)
  An ufetubus (D)
12 creatures vanquished.

Vanquished Creatures (others)
  A hell hog (D)
  A thrashing horror (D)
  3 starspawn tentacles (D)
5 creatures vanquished.

Grand Total: 110 creatures vanquished

Notes
Turn   | Place    | Note
-------+----------+-------------------------------------------
     0 | D        | Found the +6 Majin-Bo {vamp, Archmagi MP+6 Int+6}
     0 | D        | Found the +7 great mace "Firestarter" {inner flame, rF++}
     0 | D        | Kidiri the Minotaur Fighter began the quest for the Orb.
     0 | D        | Reached XP level 1. HP: 19/19 MP: 0/0
     0 | D        | Found a deep blue altar of Sif Muna.
     0 | D        | Found a sacrificial altar of Ru.
     0 | D        | Found a bloodstained altar of Trog.
     0 | D        | Found a stormy altar of Qazlal.
     0 | D        | Found an iron altar of Okawaru.
     0 | D        | Found a sparkling altar of Nemelex Xobeh.
     0 | D        | Found a blossoming altar of Fedhas.
     2 | D        | Found a transporter.
     2 | D        | Found an ancient bone altar of Kikubaaqudgha.
     2 | D        | Found a viscous altar of Jiyva.
     2 | D        | Found a corrupted altar of Lugonu.
     2 | D        | Found a hazy altar of Hepliaklqana.
     2 | D        | Found a burning altar of Makhleb.
     2 | D        | Found an opulent altar of Gozag.
    19 | D        | Found the +9 heavy crossbow "Sniper" {velocity, Acc+∞ SInv}
    19 | D        | Found the +10 dark maul {crush}
    19 | D        | Found the +15 Maxwell's patent armour {-Cast -Tele rElec
                  | MR+ rCorr}
    19 | D        | Found the +18 shield of the Gong {rElec rN+ MR+ EV-5}
    19 | D        | Found the cursed +14 obsidian axe {chop, +Fly SInv *Curse}
    20 | D        | Found the +6 shillelagh "Devastator" {shatter}
    20 | D        | Found the +11 plutonium sword {*Contam Stlth-}
    20 | D        | Found the +8 lance "Wyrmbane" {slay drac, rPois rF+ rC+
                  | AC+3}
    20 | D        | Found the +9 sword of Zonguldrok {reap}
    20 | D        | Found the cursed +13 scythe of Curses {drain, *Curse}
    20 | D        | Found the +0 sword of Power
    20 | D        | Found the +7 mace of Variability {chain chaos}
    20 | D        | Found the +7 Singing Sword
    20 | D        | Found the +7 longbow "Piercer" {penet, EV-2}
   106 | D        | Became a worshipper of Warmaster Okawaru
   121 | D        | Reached skill level 5 in Fighting
   121 | D        | Reached skill level 5 in Long Blades
   121 | D        | Reached XP level 2. HP: 30/30 MP: 1/1
   122 | D        | Entered arena 2.
   122 | D        | Found a transporter.
   124 | D        | Reached skill level 5 in Armour
   124 | D        | Reached skill level 5 in Shields
   131 | D        | Entered arena 3.
   131 | D        | Noticed a steam dragon
   131 | D        | Noticed a rime drake
   131 | D        | Noticed a steam dragon
   131 | D        | Found a transporter.
   136 | D        | Killed a rime drake
   136 | D        | Reached * piety under Okawaru
   136 | D        | Reached ** piety under Okawaru
   136 | D        | Reached *** piety under Okawaru
   136 | D        | Reached XP level 3. HP: 41/41 MP: 2/2
   136 | D        | Reached XP level 4. HP: 49/49 MP: 3/3
   136 | D        | Reached XP level 5. HP: 56/56 MP: 4/4
   137 | D        | Killed a steam dragon
   137 | D        | Reached skill level 5 in Dodging
   137 | D        | Reached XP level 6. HP: 66/66 MP: 5/5
   141 | D        | Killed a steam dragon
   141 | D        | Reached **** piety under Okawaru
   141 | D        | Reached skill level 10 in Fighting
   148 | D        | Entered arena 4.
   148 | D        | Noticed a draconian
   148 | D        | Noticed a draconian
   148 | D        | Noticed a draconian
   148 | D        | Noticed a draconian
   148 | D        | Found a transporter.
   155 | D        | Killed a draconian
   155 | D        | Reached XP level 7. HP: 59/74 MP: 6/6
   161 | D        | Killed a draconian
   161 | D        | Reached ***** piety under Okawaru
   161 | D        | Reached XP level 8. HP: 54/83 MP: 7/7
   165 | D        | Killed a draconian
   171 | D        | Killed a draconian
   171 | D        | Received a gift from Okawaru
   282 | D        | Entered arena 5.
   282 | D        | Found a transporter.
   283 | D        | Found the +12 Vampire's Tooth {vamp}
   289 | D        | Reached skill level 10 in Armour
   289 | D        | Reached XP level 9. HP: 93/93 MP: 8/8
   291 | D        | Reached skill level 10 in Shields
   299 | D        | Entered arena 6.
   299 | D        | Found a transporter.
   300 | D        | Found the +3 giant club "Skullcrusher" {speed, Str+7}
   315 | D        | Entered arena 7.
   316 | D        | Found a transporter.
   339 | D        | Entered arena 8.
   340 | D        | Found a transporter.
   367 | D        | Entered arena 9.
   367 | D        | Noticed a merfolk
   367 | D        | Noticed a cyclops
   367 | D        | Noticed a merfolk
   367 | D        | Noticed a merfolk
   368 | D        | Found a transporter.
   374 | D        | Killed a merfolk
   374 | D        | Received a gift from Okawaru
   377 | D        | Killed a merfolk
   378 | D        | Killed a cyclops
   381 | D        | Reached XP level 10. HP: 67/104 MP: 9/9
   518 | D        | Entered arena 10.
   518 | D        | Noticed a spiny frog
   519 | D        | Found a transporter.
   522 | D        | Killed a spiny frog
   522 | D        | Reached skill level 15 in Fighting
   522 | D        | Reached skill level 10 in Dodging
   528 | D        | Reached skill level 15 in Long Blades
   557 | D        | Entered arena 11.
   558 | D        | Found the +3 robe of Folly {Archmagi, MR-- Int+5}
   568 | D        | Found a transporter.
   598 | D        | Entered arena 12.
   598 | D        | Noticed a hell hog
   598 | D        | Noticed a hell hog
   598 | D        | Noticed a hell hog
   598 | D        | Noticed a fire giant
   599 | D        | Noticed a hell hog
   610 | D        | Killed a hell hog
   611 | D        | Killed a hell hog
   611 | D        | Killed a hell hog
   615 | D        | Reached XP level 11. HP: 62/115 MP: 8/10
   619 | D        | Killed a hell hog
   619 | D        | Received a gift from Okawaru
   626 | D        | Killed a fire giant
   630 | D        | Found a transporter.
   947 | D        | Entered arena 13.
   948 | D        | Noticed a tentacled starspawn
   948 | D        | Noticed an Executioner
   949 | D        | Found a transporter.
   962 | D        | Killed an Executioner
   966 | D        | Killed a tentacled starspawn
  1049 | D        | Entered arena 14.
  1050 | D        | Noticed a cherub
  1050 | D        | Noticed an ophan
  1051 | D        | Noticed an angel
  1051 | D        | Noticed an apis
  1052 | D        | Found a transporter.
  1052 | D        | Noticed a daeva
  1071 | D        | Killed an apis
  1090 | D        | Killed a daeva
  1090 | D        | Reached skill level 1 in Invocations
  1090 | D        | Reached skill level 1 in Evocations
  1092 | D        | Killed an ophan
  1092 | D        | Reached ****** piety under Okawaru
  1092 | D        | Reached XP level 12. HP: 125/128 MP: 5/12
  1101 | D        | Killed an angel
  1247 | D        | Entered arena 15.
  1248 | D        | Noticed a stone giant
  1248 | D        | Noticed an orc high priest
  1250 | D        | Found a transporter.
  1256 | D        | Received a gift from Okawaru
  1268 | D        | Killed an orc high priest
  1274 | D        | Killed a stone giant
  1284 | D        | Got a pair of transparent boots {god gift}
  1290 | D        | Identified the +1 pair of boots "Fyerph" {Int+4} (Okawaru
                  | gifted it to you in the Dungeon)
  1312 | D        | Got the ring "Goitorgh" {Fire rPois Str+4}
  1394 | D        | Entered arena 16.
  1397 | D        | Noticed a starcursed mass
  1397 | D        | Noticed a deep elf elementalist
  1397 | D        | Noticed a hellephant
  1401 | D        | Found a transporter.
  1406 | D        | Reached skill level 15 in Armour
  1406 | D        | Reached skill level 5 in Invocations
  1408 | D        | Killed a deep elf elementalist
  1408 | D        | Reached skill level 15 in Shields
  1412 | D        | Killed a starcursed mass
  1428 | D        | Reached skill level 5 in Evocations
  1430 | D        | Killed from afar by a hellephant

Vault maps used:
D:        sprint_v

Skill      XL: |  1  2  3  4  5  6  7  8  9 10 11 12 |
---------------+-------------------------------------+-----
Fighting       | 5 8 9 11 12 13 14 16 18 19 | 19.9
Long Blades    | 5 8 9 11 12 14 16 18 19 | 19.8
Armour         | 4 6 7 8 9 10 11 12 14 15 | 15.2
Dodging        | 2 4 5 6 7 8 9 11 12 13 | 13.7
Shields        | 4 6 7 8 9 11 12 14 15 | 15.0
Invocations    | 2 5 |  5.6
Evocations     | 2 5 |  5.0

Action                   |  1- 3 |  4- 6 |  7- 9 | 10-12 || total
-------------------------+-------+-------+-------+-------++-------
Melee: Double sword      |     5 |     9 |    61 |   181 ||   256
       Headbutt          |     1 |     3 |    18 |    67 ||    89
Invok: Heroism           |       |       |       |     6 ||     6
       Finesse           |       |       |       |     4 ||     4
  Use: Potion            |     2 |       |       |    10 ||    12
  Eat: Ration            |       |       |       |     1 ||     1
Armor: Plate armour      |     8 |     8 |    15 |    89 ||   120
Dodge: Dodged            |       |     1 |     7 |    66 ||    74
       Deflected         |       |       |       |     4 ||     4
Block: Shield            |    12 |    23 |    89 |   335 ||   459
       Rpst.: Double sword |       |     1 |     3 |    11 ||    15

Table legend:
 A = Non-vault XP
 B = Vault XP
 C = Vault XP percentage of total XP
 D = Non-vault monster count
 E = Vault monster count
 F = Vault count percentage of total count
                 A         B        C        D         E       F
            +---------+---------+-------+---------+---------+-------
      Total |      24 |   36143 |  99.9 |       1 |     103 |  99.0
            +---------+---------+-------+---------+---------+-------
          D |      24 |   36143 |  99.9 |       1 |     103 |  99.0
            +---------+---------+-------+---------+---------+-------
